 Dungeon Crawl Stone Soup version 0.21-a0-2-ge494091 (webtiles) character file.

47345 mopl the Basher (level 14, -1/111 HPs)
             Began as a Gnoll Berserker on May 21, 2017.
             Was the Champion of Trog.
             Killed from afar by an electric eel (11 damage)
             ... with a bolt of electricity
             ... on level 6 of the Dungeon.
             The game lasted 00:43:35 (15681 turns).

mopl the Basher (Gnoll Berserker)                  Turns: 15681, Time: 00:43:36

Health: -1/111     AC: 20    Str: 19    XL:     14   Next: 41%
Magic:  16/16      EV: 15    Int:  4    God:    Trog [******]
Gold:   559        SH:  0    Dex: 22    Spells: 13/13 levels left

rFire    + + +     SeeInvis .   b - +3 broad axe (vamp)
rCold    + . .     Gourm    .   (no shield)
rNeg     + . .     Faith    .   C - +4 chain mail {MR+}
rPois    .         Spirit   .   F - +0 helmet
rElec    .         Reflect  .   t - scarf of the Hall of Blades {rF++ rC+ Int-4}
rCorr    .         Harm     .   U - +0 pair of gloves
MR       +++..                  P - +0 pair of boots of a sewer {Dex+7}
Stlth    ..........             N - amulet of regeneration
Regen    1.7/turn               K - ring of positive energy
MPRegen  0.2/turn               G - ring of protection from fire

@: regenerating
A: short attention span, fangs 1, strong nose
a: Berserk, Trog's Hand, Brothers in Arms, Burn Spellbooks, Renounce Religion


You were on level 6 of the Dungeon.
You worshipped Trog.
Trog was exalted by your worship.
You were hungry.

You visited 3 branches of the dungeon, and saw 17 of its levels.
You also visited: Labyrinth and Volcano.

You collected 1734 gold pieces.
You spent 1175 gold pieces at shops.

Inventory:

Hand Weapons
 b - a +3 vampiric broad axe (weapon)
 r - a +1 battleaxe of flaming
 L - a +6 antimagic broad axe
Missiles
 a - 2 curare-tipped needles
 k - 38 tomahawks (quivered)
 D - a throwing net
Armour
 t - the scarf of the Hall of Blades (worn) {rF++ rC+ Int-4}
   (You acquired it on level 12 of the Dungeon)

   It affects your intelligence (-4).
   It greatly protects you from fire.
   It protects you from cold.
 C - a +4 chain mail of magic resistance (worn)
 F - a +0 helmet (worn)
 P - the +0 pair of boots of a sewer (worn) {Dex+7}
   (You found it in a labyrinth)

   It affects your dexterity (+7).
 S - a +0 shield
 U - a +0 pair of gloves (worn)
Jewellery
 p - an uncursed ring of flight
 u - a +5 amulet of reflection
 G - a ring of protection from fire (right hand)
 K - a ring of positive energy (left hand)
 N - an amulet of regeneration (around neck)
Wands
 g - a wand of iceblast (9/15)
 o - a wand of lightning (8/15)
 w - a wand of clouds (5/9)
 y - a wand of acid (5/15)
 Q - a wand of digging (15/24)
 T - a wand of paralysis (13/24)
 W - a wand of polymorph (18/24)
Scrolls
 e - a scroll of vulnerability
 h - 7 scrolls of teleportation
 i - 6 scrolls of fog
 m - 6 scrolls of fear
 x - 4 scrolls of remove curse
 A - 4 scrolls of blinking
 I - 2 scrolls of magic mapping {unknown}
 V - 4 scrolls of recharging {unknown}
 X - 2 scrolls of enchant weapon {unknown}
 Y - a scroll of silence {!r}
Potions
 f - 5 potions of curing
 j - 2 potions of lignification {!q}
 q - a potion of haste
 s - 4 potions of flight
 v - a potion of invisibility
 z - 2 potions of agility
 E - 4 potions of might
 J - a potion of cancellation
 R - a potion of heal wounds
Miscellaneous
 B - a phantom mirror
 M - a fan of gales
Comestibles
 c - 9 bread rations


   Skills:
 + Level 10.7 Fighting
 * Level 8.5(10.9) Axes
   Level 12.0(12.1) Maces & Flails
 + Level 4.0 Throwing
 + Level 10.7 Armour
 + Level 10.5 Dodging
 + Level 3.6 Evocations


You had 13 spell levels left.
You didn't know any spells.

Dungeon Overview and Level Annotations

Branches:
Dungeon (14/15)            Temple (0/1) D:7            Lair (1/6) D:9
    Orc (2/2) D:11            Elf (0/3) Orc:2
 Vaults: D:13-14

Altars:
Cheibriados
Fedhas
Gozag
Makhleb
Okawaru
Qazlal
Ru
Sif Muna
Trog
Yredelemnul
The Shining One

Shops:
D:7 }   Orc:1 (   Orc:2 }(*??([


Innate Abilities, Weirdness & Mutations

You have a short attention span.
You have very sharp teeth.
Your uncanny sense of smell can sniff out nearby items.


Message History

The electric eel completely resists.
You feel much better.
The electric eel shoots out a bolt of lightning at you!
The bolt of electricity hits you!
* * * LOW HITPOINT WARNING * * *
The electric eel shoots out a bolt of lightning at you!
The bolt of electricity misses you.
Unknown command.
Your skin crawls.
You feel resistant to hostile enchantments.
You are feeling hungry.
The crimson imp laughs crazily.
The electric eel shoots out a bolt of lightning at you!
The bolt of electricity hits you!
* * * LOW HITPOINT WARNING * * *
The electric eel shoots out a bolt of lightning at you!
The bolt of electricity hits you!
* * * LOW HITPOINT WARNING * * *
The bolt of electricity hits you!
You die...

#.##...#.#.≈≈≈≈PP..#
#......#..≈≈≈P...#
##.#.###.≈≈≈≈≈...#
+#+##.#.# #.≈≈≈≈P≈..#
..<...#.#<#.≈≈≈≈.≈..#
......#.#...≈≈≈≈....#
......#.#...≈≈≈≈≈.#.#
......#.#.#.P≈≈5≈.#.#
......#.. #..P≈;@.#.#
##....# ...P≈≈;....#
##'#### ..≈≈≈≈≈;P..#
......# ...≈≈≈≈≈...#
......# ..PP≈≈≈≈...#
......# .≈≈≈≈≈≈....#
#####.# ..≈≈≈;≈....#
#####'##..≈≈≈≈≈≈....#
....$....P≈≈≈


You could see 4 electric eels and a crimson imp.

Vanquished Creatures
  An orc warlord (Orc:1)
  A stone giant (Orc:2)
  Josephine (D:10)
  A minotaur (Lab)
  An ogre mage (Orc:2)
  A catoblepas (D:14)
  A centaur warrior (D:14)
  A death knight (D:13)
  A dancing weapon (Volcano)
  8 two-headed ogres
  4 orc high priests (Orc:2)
  An unseen horror (D:10)
  Pikel (D:8)
  5 wizards (Volcano)
  5 orc knights
  An ugly thing (D:13)
  8 orc sorcerers
  5 toenail golems (Volcano)
  3 cyclopes
  Joseph (D:8)
  Maurice (D:11)
  A spiny frog (Lair:1)
  A centaur zombie (D:11)
  An efreet (D:13)
  A minotaur zombie (Lab)
  3 hornets
  8 trolls
  8 hippogriffs
  A vampire (D:7)
  A wyvern (D:14)
  3 fire bats (Lair:1)
  Grum (D:8)
  6 wraiths
  21 yaks
  5 wargs
  Duvessa (D:7)
  A soldier ant (D:8)
  2 water moccasins (Lair:1)
  3 sky beasts
  4 porcupines
  2 ice beasts
  2 black bears (D:9)
  28 orc warriors
  2 phantoms
  6 wolves
  9 ogres
  5 centaurs
  6 crocodiles
  9 bullfrogs
  A wyvern zombie (D:8)
  Dowan (D:7)
  6 scorpions
  4 killer bees (D:11)
  9 wights
  A howler monkey (D:4)
  2 electric eels
  3 crimson imps
  A bullfrog zombie (D:7)
  A quasit (D:12)
  2 jellies
  6 bullfrog skeletons
  22 orc priests
  20 orc wizards
  2 centaur skeletons
  3 hounds
  Ijyb (D:4)
  5 iguanas
  10 worker ants
  2 hound zombies
  A worker ant zombie (D:3)
  15 adders
  10 gnolls
  4 river rats (D:6)
  6 shadow imps
  2 oozes
  2 adder skeletons
  2 worms
  4 dart slugs
  2 leopard geckos
  63 orcs
  4 giant cockroaches
  10 goblins
  12 hobgoblins
  2 jackals (D:4)
  7 kobolds
  5 quokkas
  4 ball pythons
  12 bats
  5 frilled lizards
  2 jackal skeletons (D:7)
  A jackal zombie (D:5)
  10 rats
480 creatures vanquished.

Vanquished Creatures (others)
  A hound (D:8)
  An adder (D:11)
  A quokka (D:6)
  A fungus (Lair:1)
4 creatures vanquished.

Grand Total: 484 creatures vanquished

Notes
Turn   | Place    | Note
-------+----------+-------------------------------------------
     0 | D:1      | mopl the Gnoll Berserker began the quest for the Orb.
     0 | D:1      | Reached XP level 1. HP: 20/20 MP: 1/1
    15 | D:1      | Reached skill level 5 in Maces & Flails
    22 | D:1      | Reached XP level 2. HP: 26/26 MP: 2/2
   258 | D:1      | Reached skill level 5 in Fighting
   355 | D:1      | Reached ** piety under Trog
   382 | D:1      | Reached skill level 4 in Dodging
   548 | D:1      | Reached XP level 3. HP: 32/33 MP: 3/3
   703 | D:2      | Found a blossoming altar of Fedhas.
   708 | D:2      | Found a stormy altar of Qazlal.
   938 | D:2      | Reached skill level 6 in Maces & Flails
   938 | D:2      | Reached skill level 4 in Armour
  1083 | D:2      | Reached XP level 4. HP: 39/39 MP: 4/4
  1595 | D:2      | Reached *** piety under Trog
  1643 | D:2      | Reached skill level 5 in Dodging
  1643 | D:2      | Reached XP level 5. HP: 46/46 MP: 5/5
  2035 | D:3      | Reached skill level 6 in Fighting
  2035 | D:3      | Reached skill level 5 in Armour
  2307 | D:4      | Reached skill level 7 in Maces & Flails
  2307 | D:4      | Reached XP level 6. HP: 37/52 MP: 6/6
  2478 | D:4      | Noticed Ijyb
  2502 | D:4      | Killed Ijyb
  2688 | D:4      | Reached skill level 6 in Dodging
  2689 | D:4      | Noticed a hippogriff
  2696 | D:4      | Killed a hippogriff
  2696 | D:4      | Reached skill level 6 in Armour
  2696 | D:4      | Reached XP level 7. HP: 59/59 MP: 7/7
  2700 | D:4      | Reached skill level 7 in Fighting
  2740 | D:4      | Reached skill level 8 in Maces & Flails
  2943 | D:5      | Entered Level 5 of the Dungeon
  2959 | D:5      | Reached **** piety under Trog
  3180 | D:5      | Reached XP level 8. HP: 67/67 MP: 8/8
  3272 | D:5      | Found a basalt altar of Yredelemnul.
  3281 | D:5      | Found a glowing golden altar of the Shining One.
  3283 | D:5      | Noticed an angel
  3293 | D:5      | Noticed a profane servitor
  3844 | D:6      | Reached skill level 7 in Armour
  3844 | D:6      | Reached skill level 7 in Dodging
  4413 | D:6      | HP: 3/68 [electric eel/bolt of electricity (10)]
  4773 | D:7      | Reached skill level 8 in Fighting
  4801 | D:7      | Reached skill level 9 in Maces & Flails
  4853 | D:7      | Noticed Duvessa
  4854 | D:7      | Noticed Dowan
  4865 | D:7      | Killed Duvessa
  4865 | D:7      | Reached XP level 9. HP: 74/74 MP: 9/9
  4874 | D:7      | Killed Dowan
  5004 | D:7      | Found Feuleneq's Gadget Boutique.
  5008 | D:7      | Found a bloodstained altar of Trog.
  5074 | D:7      | Found a staircase to the Ecumenical Temple.
  5419 | D:7      | Reached skill level 8 in Armour
  5419 | D:7      | Reached skill level 8 in Dodging
  5655 | D:8      | Reached ***** piety under Trog
  5689 | D:8      | Found a burning altar of Makhleb.
  5759 | D:8      | Noticed Grum
  5792 | D:8      | Killed Grum
  5875 | D:8      | Reached XP level 10. HP: 37/82 MP: 10/10
  6110 | D:8      | Noticed a two-headed ogre
  6111 | D:8      | Found an iron altar of Okawaru.
  6117 | D:8      | Killed a two-headed ogre
  6117 | D:8      | Reached skill level 9 in Fighting
  6117 | D:8      | Reached skill level 10 in Maces & Flails
  6182 | D:8      | Noticed a two-headed ogre
  6188 | D:8      | Killed a two-headed ogre
  6203 | D:8      | Paralysed by a hornet for 2 turns
  6209 | D:8      | Paralysed by a hornet for 2 turns
  6532 | D:8      | Found a faded altar of an unknown god.
  6532 | D:8      | Found an opulent altar of Gozag.
  6542 | D:8      | Found a snail-covered altar of Cheibriados.
  6544 | D:8      | Found a deep blue altar of Sif Muna.
  6548 | D:8      | Found a sacrificial altar of Ru.
  6649 | D:8      | Noticed Joseph
  6658 | D:8      | Killed Joseph
  6705 | D:8      | Noticed Pikel
  6726 | D:8      | Killed Pikel
  6726 | D:8      | Reached skill level 9 in Armour
  6726 | D:8      | Reached skill level 9 in Dodging
  7060 | D:9      | Reached XP level 11. HP: 89/89 MP: 11/11
  7127 | D:9      | Found a staircase to the Lair.
  7313 | Lair:1   | Entered Level 1 of the Lair of Beasts
  7614 | Lair:1   | Found a dark tunnel.
  7628 | Volcano  | Entered a volcano
  7635 | Volcano  | Noticed a wizard
  7653 | Volcano  | Killed a wizard
  7703 | Volcano  | Noticed a wizard
  7709 | Volcano  | Killed a wizard
  7720 | Volcano  | Noticed a wizard
  7726 | Volcano  | Killed a wizard
  7726 | Volcano  | Reached skill level 11 in Maces & Flails
  7782 | Volcano  | Noticed a wizard
  7782 | Volcano  | Noticed a wizard
  7791 | Volcano  | Killed a wizard
  7805 | Volcano  | Killed a wizard
  7862 | Volcano  | Noticed a mace of flaming
  7882 | Volcano  | Killed a mace of flaming
  7882 | Volcano  | Reached XP level 12. HP: 97/97 MP: 12/12
  8241 | D:9      | Noticed a two-headed ogre
  8248 | D:9      | Killed a two-headed ogre
  8248 | D:9      | Reached skill level 10 in Fighting
  8644 | D:10     | Entered Level 10 of the Dungeon
  8675 | D:10     | Received a gift from Trog
  8782 | D:10     | Reached skill level 1 in Axes
  8922 | D:10     | Noticed Josephine
  8929 | D:10     | Killed Josephine
  8929 | D:10     | Reached skill level 2 in Axes
  8951 | D:10     | Reached skill level 3 in Axes
  8956 | D:10     | Reached skill level 10 in Armour
  9149 | D:11     | Found a staircase to the Orcish Mines.
  9203 | D:11     | Noticed a two-headed ogre
  9215 | D:11     | Killed a two-headed ogre
  9215 | D:11     | Reached skill level 4 in Axes
  9215 | D:11     | Reached skill level 10 in Dodging
  9263 | D:11     | You fall through a shaft for 3 floors!
  9266 | D:14     | Found a labyrinth entrance.
  9292 | D:14     | Noticed a centaur warrior
  9300 | D:14     | Killed a centaur warrior
  9325 | Lab      | Entered a labyrinth
  9522 | Lab      | Noticed a minotaur
  9531 | Lab      | Killed a minotaur
  9567 | Lab      | Got a pair of faintly glowing boots
  9574 | Lab      | Identified the +0 pair of boots of a sewer {Dex+7} (You found it in a labyrinth)
  9628 | D:14     | Noticed a catoblepas
  9640 | D:14     | Killed a catoblepas
  9640 | D:14     | Reached skill level 5 in Axes
  9864 | D:13     | Noticed a death knight
  9881 | D:13     | Killed a death knight
  9881 | D:13     | Reached XP level 13. HP: 103/103 MP: 13/13
 10027 | D:13     | Paralysed by a hornet for 1 turns
 10225 | D:11     | Reached skill level 6 in Axes
 10321 | D:11     | Noticed Maurice
 10550 | D:11     | Received a gift from Trog
 11010 | D:11     | Found a staircase to the Orcish Mines.
 11220 | D:11     | Killed Maurice
 11755 | D:12     | Identified a scroll of acquirement
 11756 | D:12     | Got a brightly glowing scarf
 11767 | D:12     | Identified the scarf of the Hall of Blades {rF++ rC+ Int-4} (You acquired it on level 12 of the Dungeon)
 12197 | Orc:1    | Entered Level 1 of the Orcish Mines
 12561 | Orc:1    | Reached skill level 7 in Axes
 12571 | Orc:1    | Noticed an orc warlord
 12695 | Orc:1    | Killed an orc warlord
 13015 | Orc:1    | Found a burning altar of Makhleb.
 13161 | Orc:2    | Entered Level 2 of the Orcish Mines
 13214 | Orc:2    | Noticed an ogre mage
 13224 | Orc:2    | Killed an ogre mage
 13318 | Orc:1    | Found Jill's Antique Weapon Boutique.
 13454 | Orc:2    | Found Ymis's Magic Scroll Shop.
 13460 | Orc:2    | Bought a scroll of vulnerability for 105 gold pieces
 13460 | Orc:2    | Bought a scroll of remove curse for 42 gold pieces
 13460 | Orc:2    | Bought a scroll of blinking for 105 gold pieces
 13460 | Orc:2    | Bought a scroll of noise for 14 gold pieces
 13460 | Orc:2    | Bought a scroll of holy word for 105 gold pieces
 13460 | Orc:2    | Bought a scroll of identify for 28 gold pieces
 13460 | Orc:2    | Bought a scroll of identify for 28 gold pieces
 13481 | Orc:2    | Found Suerios's Antique Armour Shoppe.
 13489 | Orc:2    | Bought a pair of gloves for 135 gold pieces
 13640 | Orc:2    | Reached ****** piety under Trog
 13643 | Orc:2    | Reached XP level 14. HP: 69/111 MP: 14/14
 13736 | Orc:2    | Noticed a stone giant
 13882 | Orc:2    | Killed a stone giant
 14001 | Orc:2    | Found a staircase to the Elven Halls.
 14046 | Orc:2    | Reached skill level 12 in Maces & Flails
 14115 | Orc:2    | Found Ziruenut's Weapon Boutique.
 14218 | Orc:2    | Received a gift from Trog
 14224 | Orc:2    | Reached skill level 8 in Axes
 14224 | Orc:2    | Reached skill level 1 in Throwing
 14275 | Orc:2    | Reached skill level 1 in Evocations
 14475 | Orc:2    | Reached skill level 2 in Evocations
 14510 | Orc:2    | Reached skill level 2 in Throwing
 14532 | Orc:2    | Reached skill level 3 in Evocations
 14543 | Orc:2    | Reached skill level 3 in Throwing
 14603 | Orc:2    | Found Cuurirph's General Store.
 14603 | Orc:2    | Found Okagunav's Magic Scroll Shop.
 14605 | Orc:2    | Found Guteg's Gadget Emporium.
 14605 | Orc:2    | Found Diddin's Weapon Shop.
 14611 | Orc:2    | Bought a potion of curing for 42 gold pieces
 14611 | Orc:2    | Bought a scroll of identify for 28 gold pieces
 14616 | Orc:2    | Bought a scroll of immolation for 45 gold pieces
 14616 | Orc:2    | Bought a scroll of enchant armour for 97 gold pieces
 14616 | Orc:2    | Bought a scroll of fog for 26 gold pieces
 14616 | Orc:2    | Bought a scroll of blinking for 97 gold pieces
 14616 | Orc:2    | Bought a scroll of fog for 26 gold pieces
 14616 | Orc:2    | Bought a scroll of fear for 45 gold pieces
 14616 | Orc:2    | Bought a scroll of identify for 26 gold pieces
 14616 | Orc:2    | Bought a scroll of silence for 97 gold pieces
 14616 | Orc:2    | Bought a scroll of amnesia for 45 gold pieces
 14616 | Orc:2    | Bought a scroll of teleportation for 39 gold pieces
 15413 | Lair:1   | Reached skill level 4 in Throwing
 15679 | D:6      | HP: 3/111 [electric eel/bolt of electricity (5)]
 15681 | D:6      | Killed from afar by an electric eel

Vault maps used:
D:1:      saegor_arrival_simple_f
D:2:      wad_river_or_something, grunt_temple_overflow_forces_of_nature,
          first_bread
D:4:      kennysheep_generic_room_4, uniq_ijyb
D:5:      grunt_temple_overflow_holy_war
D:6:      wad_woods_tower, corexii_checkpoint_a, chequers_big_river,
          interstate_on_off
D:7:      minmay_temple_entry_hall, basic_altar, serial_shops,
          nicolae_shop_competitors_out_of_business, uniq_duvessa
D:8:      overflow_temple_1_default, chequers_temple_overflow_minitemple,
          nrook_mini_backslash, hangedman_pestilent_swarm,
          okawaru_metal_pillars_1_2, uniq_joseph, uniq_grum, uniq_pikel
D:9:      minmay_lair_entry_grove
D:10:     uniq_josephine
D:11:     orc_0_dummy, uniq_maurice
D:13:     hangedman_vaults_entry_quadrant_bands, st_stairs_14,
          columned_hall_lemuel
D:14:     kennysheep_small_spiral, lab_entry_generic,
          nrook_guardian_serpent_ordinary
Lair:1:   nicolae_volcano_entry_batcave, grunt_megastairs_5,
          infiniplex_staircase_pool
Orc:1:    serial_shops, shop, bloody_makhleb
Orc:2:    grunt_orc_tribal_feast, special_room, serial_shops,
          nicolae_shop_behind_doors, shop, nicolae_shop_trees
Lab:      labyrinth_hidden_loot, labyrinth_skeletal_remains,
          nicolae_lab_diamond, lab_block
Volcano:  volcano_bunker

Skill      XL: |  1  2  3  4  5  6  7  8  9 10 11 12 13 14 |
---------------+-------------------------------------------+-----
Maces & Flails | 5 6 7 8 9 10 11 12 | 12.0
Fighting       | 5 6 7 8 9 10 | 10.7
Dodging        | 4 5 6 7 8 9 10 | 10.5
Armour         | 4 5 6 7 8 9 10 | 10.7
Axes           | 5 7 8 |  8.5
Throwing       | 4 |  4.0
Evocations     | 3 |  3.6

Action                   |  1- 3 |  4- 6 |  7- 9 | 10-12 | 13-15 || total
-------------------------+-------+-------+-------+-------+-------++-------
Melee: Mace              |   122 |    91 |    28 |       |       ||   241
       Bite              |    10 |    15 |    36 |   103 |   125 ||   289
       Flail             |       |   131 |   164 |       |       ||   295
       Whip              |       |       |   104 |   426 |       ||   530
       Dire flail        |       |       |    75 |   140 |       ||   215
       Broad axe         |       |       |       |       |   618 ||   618
Throw: Throwing net      |       |       |       |     1 |       ||     1
Invok: Berserk           |     1 |     3 |     6 |    16 |    10 ||    36
       Trog's Hand       |       |       |     2 |     4 |     5 ||    11
       Burn Spellbooks   |       |       |       |       |     2 ||     2
  Use: Scroll            |       |       |     9 |     3 |     6 ||    18
       Potion            |       |       |     1 |       |     1 ||     2
 Stab: Sleeping          |     2 |       |       |       |       ||     2
       Held in net/web   |       |       |       |     2 |       ||     2
  Eat: Chunk             |     2 |     7 |    18 |    26 |    31 ||    84
       Fruit             |       |       |       |     1 |     1 ||     2
       Bread ration      |       |       |       |       |     1 ||     1
Armor: Animal skin       |    15 |       |       |       |       ||    15
       Ring mail         |    38 |    34 |       |       |       ||    72
       Scale mail        |       |    17 |       |       |       ||    17
       Plate armour      |       |    22 |       |       |       ||    22
       Chain mail        |       |    12 |   184 |   135 |   255 ||   586
Dodge: Dodged            |   122 |   139 |   157 |   209 |   483 ||  1110
Block: Other             |       |    44 |    74 |    74 |    41 ||   233
       Reflection        |       |       |       |       |     3 ||     3
